 Dungeon Crawl Stone Soup version 0.31.0-12-g77e489cdc1 (webtiles) character file.

Game seed: 417466467788318028

30 sking99 the Sneak (level 3, -5/20 HPs)
             Began as a Kobold Enchanter on Mar 2, 2024.
             Slain by a gnoll
             ... wielding a +0 flail
              (7 damage)
             ... on level 1 of the Dungeon.
             The game lasted 00:02:03 (613 turns).

sking99 the Sneak (Kobold Enchanter)                 Turns: 613, Time: 00:02:04

Health: -5/20      AC:  3    Str:  7    XL:     3   Next: 35%
Magic:  0/6        EV: 15    Int: 16    God:
Gold:   20         SH:  0    Dex: 15    Spells: 4/6 levels left

rFire   . . .        a - +1 dagger
rCold   . . .        (no shield)
rNeg    . . .        b - +0 robe
rPois   .            (no helmet)
rElec   .            (no cloak)
rCorr   .            (no gloves)
SInv    .            e - +0 pair of boots
Will    .....        (no amulet)
Stlth   ++++         (no ring)
HPRegen 0.23/turn    (no ring)
MPRegen 0.10/turn

%: no passive effects
@: very slightly contaminated
A: small, no large weapons, nightstalker 3
a: no special abilities


You were on level 1 of the Dungeon.
You visited 1 branch of the dungeon, and saw 1 of its levels.

You collected 20 gold pieces.

Inventory:

Hand Weapons
 a - a +1 dagger (weapon)
Armour
 b - a +0 robe (worn)
 e - a +0 pair of boots (worn)
Scrolls
 d - 3 scrolls of identify {unknown}
 g - a scroll of enchant weapon {unknown}
 i - 2 scrolls of immolation {unknown}
Potions
 c - a potion of invisibility
 f - 3 potions of curing {unknown}
 h - a potion of resistance {unknown}
 j - a potion of enlightenment {unknown}


   Skills:
 - Level 0.8 Fighting
 * Level 2.6 Short Blades
 - Level 2.4 Dodging
 + Level 4.4 Stealth
 - Level 2.4 Spellcasting
 + Level 3.2 Hexes
 + Level 0.0 Ice Magic


You had 4 spell levels left.
You knew the following spells:

 Your Spells              Type           Power      Damage    Failure   Level
a - Ensorcelled Hibernat  Hex/Ice        14%        N/A       16%         2

Your spell library contained the following spells:

 Spells                   Type           Power      Damage    Failure   Level
 Confusing Touch          Hex            12%        N/A       16%         3
 Tukima's Dance           Hex            12%        N/A       16%         3
 Dazzling Flash           Conj/Hex       14%        N/A       30%         3


Dungeon Overview and Level Annotations

Branches:
Dungeon (1/15)

Altars:


Innate Abilities, Weirdness & Mutations

You are small and have problems with some larger weapons.
You are completely attuned to the shadows.


Message History

You impale the bat!!
You kill the bat!
You start resting.
Magic restored.
You see here a bat corpse.
i - a scroll labelled PEYHAT UL SOFE
Found a maw talisman.
You see here a maw talisman.
An endoplasm comes into view.
The helpless endoplasm fails to defend itself.
You impale the endoplasm!!
You kill the endoplasm!
j - a green potion
d - 3 scrolls labelled QEID LIPPODDA (gained 1)
i - 2 scrolls labelled PEYHAT UL SOFE (gained 1)
A gnoll comes into view. It is wielding a +0 flail.
The gnoll shouts!
Casting: Ensorcelled Hibernation (safe; 16% risk of failure)
Confirm with . or Enter, or press ? or * to list all spells.
Aiming: Ensorcelled Hibernation (safe; 16% risk of failure)
Press: ? - help, Shift-Dir - straight line, f - gnoll
Aim: a gnoll, wielding a +0 flail (chance to affect: 50%)
The gnoll resists with some effort.
The gnoll hits you with a +0 flail.
Casting: Ensorcelled Hibernation (safe; 16% risk of failure)
Confirm with . or Enter, or press ? or * to list all spells.
Aiming: Ensorcelled Hibernation (safe; 16% risk of failure)
Press: ? - help, Shift-Dir - straight line, f/p - gnoll
Aim: a gnoll, wielding a +0 flail (chance to affect: 50%)
The gnoll resists with some effort.
The gnoll hits you with a +0 flail.
Casting: Ensorcelled Hibernation (safe; 16% risk of failure)
Confirm with . or Enter, or press ? or * to list all spells.
Aiming: Ensorcelled Hibernation (safe; 16% risk of failure)
Press: ? - help, Shift-Dir - straight line, f/p - gnoll
Aim: a gnoll, wielding a +0 flail (chance to affect: 50%)
You miscast Ensorcelled Hibernation.
You are very lightly contaminated with residual magic.
Nothing appears to happen.
The gnoll hits you with a +0 flail!
* * * LOW HITPOINT WARNING * * *
The gnoll attacks as it pursues you! The gnoll hits you with a +0 flail!
You die...

....................#..#.#
.###.........##8###8##.#.#
.####.........#.....#..#.##
.†...............%.....#..#
.####.........#.##.....##.###
.# ...........##..........#
.#####...........#.##.......#
.....##.....###....####.....#
...........####g@....##.....#
..........................###
.............##############
.............# .............#
............# ............#
............# ...........##


You could see a gnoll.

Vanquished Creatures
  4 ball pythons (D:1)
  4 bats (D:1)
  3 endoplasms (D:1)
  A goblin (D:1)
  7 jackals (D:1)
  A kobold (D:1)
  2 quokkas (D:1)
  A frilled lizard (D:1)
  A rat (D:1)
24 creatures vanquished.

Notes
Turn   | Place    | Note
-------+----------+-------------------------------------------
     0 | D:1      | sking99 the Kobold Enchanter began the quest for the Orb.
     0 | D:1      | Reached XP level 1. HP: 10/10 MP: 3/3
   111 | D:1      | Reached XP level 2. HP: 15/15 MP: 5/5
   330 | D:1      | Reached XP level 3. HP: 10/20 MP: 6/6
   430 | D:1      | Learned a level 2 spell: Ensorcelled Hibernation
   613 | D:1      | Slain by a gnoll

Illustrated notes

Levels and vault maps discovered:
D:1:      scummos_arrival_simple_crosswalls, layout_rooms, minmay_unequal

Skill      XL: |  1  2 |
---------------+-------+-----
Short Blades   | 2 |  2.6
Fighting       | |  0.8
Dodging        | |  2.4
Stealth        | |  4.4
Spellcasting   | |  2.4
Hexes          | |  3.2

Action                     || total
---------------------------++-------
  Melee: Dagger            ||    95
         Punch             ||     1
   Cast: Ensorcelled Hiber ||     4
    Use: Potion            ||     1
   Stab: Sleeping          ||     8
         Invisible         ||     2
 Armour: Robe              ||    61
  Dodge: Dodged            ||   105
